 Dungeon Crawl Stone Soup version 0.28.0 (webtiles) character file.

Game seed: 5020533263135592783

616 Morbidden the Chopper (level 7, -26/59 HPs)
             Began as a Demigod Fighter on Feb 14, 2022.
             Engulfed by a cloud of flame (27 damage)
             ... on level 5 of the Dungeon.
             The game lasted 00:07:16 (3699 turns).

Morbidden the Chopper (Demigod Fighter)             Turns: 3699, Time: 00:07:17

Health: -26/59     AC: 15    Str: 25      XL:     7   Next: 1%
Magic:  22/22      EV:  7    Int: 10      God:
Gold:   5          SH:  0    Dex: 11 (13) Spells: 5/10 levels left

rFire   . . .      SeeInvis .   b - +1 triple crossbow (flame)
rCold   . . .      Faith    .   (shield currently unavailable)
rNeg    . . .      Spirit   .   e - +0 plate armour
rPois   .          Reflect  .   y - +1 hat
rElec   .          Harm     .   (no cloak)
rCorr   .          Rampage  .   (no gloves)
Will    .....                   p - +2 pair of boots
Stlth   ..........              (no amulet)
HPRegen 0.19/turn               h - ring of flight
MPRegen 0.18/turn               j - ring of magical power

@: weak-willed, flying
A: high MP 1, forlorn, divine attributes
a: no special abilities


You were on level 5 of the Dungeon.
You visited 1 branch of the dungeon, and saw 5 of its levels.

You collected 189 gold pieces.
You spent 184 gold pieces at shops.

Inventory:

Hand Weapons
 a - a +0 war axe
 b - a +1 triple crossbow of flaming (weapon)
Missiles
 f - a throwing net
 s - 2 atropa-tipped darts
 w - 39 bolts (quivered ammo)
Armour
 c - a +0 buckler
 e - a +0 plate armour (worn)
 p - a +2 pair of boots (worn)
 v - a +0 scale mail
 y - a +1 hat (worn)
Jewellery
 h - a ring of flight (left hand)
 j - a ring of magical power (right hand)
Wands
 t - a wand of flame (14)
Scrolls
 g - 2 scrolls of teleportation
 i - 3 scrolls of identify
 k - a scroll of noise
 r - 2 scrolls of enchant armour {unknown}
 u - a scroll of magic mapping
 x - a scroll of fog {unknown}
Potions
 d - 2 potions of might


   Skills:
 * Level 4.0 Fighting
 + Level 4.5 Axes
 + Level 0.1 Crossbows
 + Level 0.1 Throwing
 + Level 3.4 Armour
 * Level 1.6 Dodging
 + Level 3.1 Shields
 * Level 2.0 Spellcasting
 * Level 0.3 Necromancy
 * Level 1.4 Earth Magic
 + Level 0.3 Evocations


You had 5 spell levels left.
You knew the following spells:

 Your Spells              Type           Power      Damage    Failure   Level
a - Borgnjor's Vile Clut  Necr/Erth      1%         N/A       100%        5

Your spell library contained the following spells:

 Spells                   Type           Power      Damage    Failure   Level
 Call Canine Familiar     Summ           1%         N/A       100%        3
 Gell's Gravitas          Tloc           1%         N/A       100%        3
 Lesser Beckoning         Tloc           1%         N/A       100%        3
 Portal Projectile        Hex/Tloc       2%         N/A       100%        3
 Teleport Other           Tloc           1%         N/A       100%        3
 Animate Dead             Necr           0%         N/A       100%        4
 Leda's Liquefaction      Hex/Erth       1%         N/A       100%        4
 Death Channel            Necr           0%         N/A       100%        6


Dungeon Overview and Level Annotations

Branches:
Dungeon (5/15)             Temple (0/1) D:4

Shops:
D:5 (


Innate Abilities, Weirdness & Mutations

You have an increased reservoir of magic. (+10% MP)
You shall have no god before yourself.
Your divine heritage dramatically boosts your attributes as you level up.


Message History

As you read the scroll labelled DEALA ZYHUIV, it crumbles to dust.
It is a scroll of brand weapon.
Your +1 triple crossbow is engulfed in flames!
b - a +1 triple crossbow of flaming (weapon)
The ufetubus hits you but does no damage.
The ufetubus closely misses you. The water moccasin zombie bites you.
The ufetubus hits you but does no damage. x2
Unknown command.
Fire: 40 bolts
Press: ? - help, Q - select action, (/) - cycle Shift-Dir - straight line, f/p - water moccasin zombie
Aim: a water moccasin zombie (inner flame, 56% to hit)
You shoot a bolt.
The bolt hits the water moccasin zombie!
Flame seeps out of the water moccasin zombie.
The bolt burns the water moccasin zombie.
Flame seeps out of the water moccasin zombie.
The water moccasin zombie is moderately damaged.
The ufetubus hits you but does no damage.
The ufetubus hits you.
The water moccasin zombie is engulfed in blazing flames.
Flame seeps out of the water moccasin zombie.
The water moccasin zombie bites you but does no damage.
The ufetubus hits you but does no damage.
The ufetubus closely misses you.
The water moccasin zombie is engulfed in blazing flames.
Flame seeps out of the water moccasin zombie.
The water moccasin zombie barely misses you.
The ufetubus hits you but does no damage. x2
The water moccasin zombie is engulfed in blazing flames.
The water moccasin zombie explodes!
The fiery explosion engulfs you!!
Ouch! That really hurt!
* * * LOW HITPOINT WARNING * * *
You feel your dexterity returning.
Your Earth Magic skill increases to level 1!
You have reached level 7!
Okay, then.
Unknown command.
You are engulfed in blazing flames.
You die...

#.# .( ..## .(. ..#
##### #.# ... #§# #.#
... #@# #.# ... #§#
#.# #.# ####5# #.#
#.# #....# # #.# #.#
#.####
####.####.###.#######
..........#.........#
#.............#####.#
#.##.######.###


You could see an ufetubus (inner flame).

Vanquished Creatures
  A bullfrog (D:5)
  A water moccasin zombie (D:5)
  A howler monkey (D:4)
  2 orc priests (D:4)
  2 bullfrog skeletons (D:5)
  A centaur skeleton (D:5)
  An iguana (D:3)
  6 orc wizards
  5 adders (D:2)
  2 worms (D:2)
  2 dart slugs (D:4)
  9 orcs
  7 endoplasms
  A giant cockroach (D:1)
  7 goblins
  9 hobgoblins
  3 jackals
  4 kobolds
  2 quokkas
  3 training dummies (D:5)
  5 ball pythons
  4 bats
  6 frilled lizards
  4 rats
88 creatures vanquished.

Notes
Turn   | Place    | Note
-------+----------+-------------------------------------------
     0 | D:1      | Morbidden the Demigod Fighter began the quest for the Orb.
     0 | D:1      | Reached XP level 1. HP: 18/18 MP: 3/3
   272 | D:1      | Reached XP level 2. HP: 23/25 MP: 4/4
   369 | D:1      | You are sucked into a shaft and drop 1 floor!
   844 | D:2      | Reached XP level 3. HP: 31/31 MP: 5/5
  1294 | D:2      | Reached XP level 4. HP: 35/38 MP: 6/6
  2050 | D:3      | Reached skill level 1 in Dodging
  2323 | D:4      | Identified the +4 spear of the Ancient Wishes {vamp, rElec
                  | Str+2}
  2334 | D:4      | Reached XP level 5. HP: 17/45 MP: 8/8
  2538 | D:4      | Reached skill level 1 in Spellcasting
  2585 | D:4      | Reached XP level 6. HP: 40/52 MP: 10/10
  2597 | D:4      | Learned a level 5 spell: Borgnjor's Vile Clutch
  2672 | D:4      | Found a staircase to the Ecumenical Temple.
  3326 | D:5      | Entered Level 5 of the Dungeon
  3337 | D:5      | Found Osera's Firing Range.
  3372 | D:5      | Bought a +0 triple crossbow for 140 gold pieces
  3372 | D:5      | Bought 16 bolts for 44 gold pieces
  3526 | D:5      | Noticed a wraith
  3698 | D:5      | HP: 1/52 [spore (33)]
  3699 | D:5      | Reached skill level 1 in Earth Magic
  3699 | D:5      | Reached XP level 7. HP: 1/59 MP: 13/13
  3699 | D:5      | Engulfed by a cloud of flame

Illustrated notes

Levels and vault maps discovered:
D:1:      wander_arrival_peaceful_grave, layout_loops_ring,
          hellmonk_ecumenical_altar_pennies_from_heaven, minmay_lizard_pond
D:2:      layout_basic, basic_altar
D:3:      layout_rooms, patterned_corridor
D:4:      layout_cave_pools, minmay_temple_entry_large_hall
D:5:      layout_loops_ring, minmay_misc_feat_square, nicolae_shop_firing_range

Skill      XL: |  1  2  3  4  5  6 |
---------------+-------------------+-----
Axes           | 2 3 4 |  4.5
Shields        | 3 |  3.1
Fighting       | 3 4 |  4.0
Dodging        | 1 |  1.6
Armour         | 3 |  3.4
Spellcasting   | 1 2 |  2.0
Earth Magic    | 1 |  1.4
Crossbows      | |  0.1
Throwing       | |  0.1
Necromancy     | |  0.3
Evocations     | |  0.3

Action                   |  1- 3 |  4- 6 |  7- 9 || total
-------------------------+-------+-------+-------++-------
Melee: War axe           |    81 |   121 |       ||   202
 Fire: Triple crossbow   |       |    19 |       ||    19
Throw: Dart              |       |     3 |       ||     3
Evoke: Wand              |       |     8 |       ||     8
  Use: Scroll            |       |     8 |       ||     8
       Potion            |       |     4 |       ||     4
Armor: Scale mail        |    50 |    34 |       ||    84
       Plate armour      |       |    82 |       ||    82
Dodge: Dodged            |    37 |    69 |       ||   106
Block: Buckler           |    23 |    20 |       ||    43
